 Dungeon Crawl Stone Soup version 0.17.2-1-ge4368a0 (webtiles) character file.

44 jacquesderrida the Magician (level 3, -6/18 HPs)
             Began as a Vine Stalker Wanderer on Sept 30, 2016.
             Mangled by Crazy Yiuf
             ... wielding a +4 quarterstaff of chaos
              (12 damage)
             ... on level 3 of the Dungeon.
             The game lasted 00:03:20 (379 turns).

jacquesderrida the Magician (Vine Stalker Wanderer)  Turns: 379, Time: 00:03:27

Health: -6/18      AC:  8    Str: 13    XL:     3   Next: 60%
Magic:  0/8        EV:  8    Int: 15    God:
Gold:   1          SH:  0    Dex: 12    Spells: 0 memorised, 8 levels left

rFire  . . .     SeeInvis .     a - +0 blowgun
rCold  . . .     Clarity  .     d - +2 scale mail
rNeg   . . .     SustAt   +     (no shield)
rPois  .         Gourm    .     (no helmet)
rElec  .         Spirit   +     (no cloak)
rCorr  .         Warding  .     (no gloves)
rMut   .         Stasis   .     (no boots)
MR     .....                    (no amulet)
Stlth  ..........               (no ring)
                                j - ring of sustain attributes

@: not resistant to hostile enchantments, extremely unstealthy
A: fangs 2, regeneration 1, magic shield, antimagic bite, no device heal 3, rot
immunity
a: no special abilities


You were on level 3 of the Dungeon.
You were not hungry.

You visited 1 branch of the dungeon, and saw 3 of its levels.

You collected 1 gold pieces.

Inventory:

Hand Weapons
 a - a +0 blowgun (weapon)
 g - a +0 short sword
Missiles
 c - a poisoned needle (quivered)
 m - a throwing net
Armour
 d - a +2 scale mail (worn)
Jewellery
 j - a ring of sustain attributes (left hand)
Scrolls
 f - a scroll of fear {unknown}
 k - a scroll of identify {unknown}
Potions
 l - a potion of degeneration {unknown}
Books
 b - Ozocubu's Grimoire of Ice

   Spells                             Type                      Level
   a - Freeze                         Ice                          1
   b - Ozocubu's Armour               Charms/Ice                   3
Comestibles
 e - a bread ration
 h - 2 meat rations


   Skills:
 + Level 1.8 Fighting
 - Level 1.0 Throwing
 - Level 1.5 Armour
   Level 1.0 Shields
 * Level 2.4 Unarmed Combat
 - Level 3.2 Spellcasting
   Level 1.0 Summonings
   Level 1.0 Translocations


You had 8 spell levels left.
You didn't know any spells.

Dungeon Overview and Level Annotations

Branches:
Dungeon (3/15)

Altars:
Gozag
Sif Muna

Annotations:
D:3 Crazy Yiuf


Innate Abilities, Weirdness & Mutations

You have extremely sharp teeth.
Your natural rate of healing is unusually fast.
When hurt, damage is shared between your health and your magic reserves.
Your bite disrupts and absorbs the magic of your enemies.
Potions and wands cannot restore your health.
You are immune to rotting.


Message History

Firing (i - inventory. (,) - cycle):
c - 3 poisoned needles (quivered)
Press: ? - help, Shift-Dir - straight line, f/p - Crazy Yiuf
Aim: Crazy Yiuf, wielding a quarterstaff of chaos and wearing a cloak (severely wounded, poisoned)
You shoot a poisoned needle. The poisoned needle hits Crazy Yiuf.
Crazy Yiuf looks even sicker.
Crazy Yiuf is severely wounded.
The kobold barely misses you.
Crazy Yiuf laughs, "Dawk!"
Crazy Yiuf barely misses you.
Firing (i - inventory. (,) - cycle):
c - 2 poisoned needles (quivered)
Press: ? - help, Shift-Dir - straight line, f/p - Crazy Yiuf
Aim: Crazy Yiuf, wielding a quarterstaff of chaos and wearing a cloak (severely wounded, poisoned)
You shoot a poisoned needle. The poisoned needle hits Crazy Yiuf!
Crazy Yiuf looks even sicker.
Crazy Yiuf is severely wounded.
The kobold hits you.
Crazy Yiuf hits you with a quarterstaff of chaos!
You are electrocuted!
Ouch! That really hurt!
You die...

..###...$............
..........<..####..#.#
.#####..$....# #.# #
..........##.# .#
.#####...###.# .# ##
##### #.# # #.# ...
♣♣♣♣♣######.######.r..#
♣♣.♣....#(.(...g@K....#
(.♣.......##########...#
♣♣♣♣......# . ♣ ♣♣....##
♣♣####


You could see Crazy Yiuf, a kobold and a rat.

Vanquished Creatures
  3 adders
  An ooze (D:1)
  3 giant cockroaches
  2 hobgoblins
  A bat (D:3)
  3 kobolds
  3 rats
16 creatures vanquished.

Notes
Turn   | Place    | Note
--------------------------------------------------------------
     0 | D:1      | jacquesderrida the Vine Stalker Wanderer began the quest for the Orb.
     0 | D:1      | jacquesderrida set off with: a +2 scale mail, Ozocubu's Grimoire of Ice, 11 poisoned needles, a +0 blowgun, a bread ration
     0 | D:1      | Reached XP level 1. HP: 10/10 MP: 5/5
     0 | D:1      | Identified Ozocubu's Grimoire of Ice
    35 | D:1      | Reached skill level 1 in Unarmed Combat
    35 | D:1      | Reached XP level 2. HP: 11/14 MP: 7/7
   180 | D:3      | B A I T
   184 | D:3      | Reached XP level 3. HP: 16/18 MP: 8/8
   220 | D:3      | Found an opulent altar of Gozag.
   243 | D:2      | Found a deep blue altar of Sif Muna.
   353 | D:3      | Noticed Crazy Yiuf
   379 | D:3      | Mangled by Crazy Yiuf

Action                   || total
-------------------------++-------
Melee: Unarmed           ||    41
 Fire: Blowgun           ||    22
  Use: Potion            ||     1
